 Dungeon Crawl Stone Soup version 0.31-a0-188-g5e087ee2ca (webtiles) character file.

Game seed: 18206076690054856673

100 qw the Shooter (level 4, -1/25 HPs)
             Began as a Deep Elf Hunter on June 23, 2023.
             Was an Initiate of Okawaru.
             Slain by a goblin
             ... wielding a +0 dagger
             ... led by Robin
              (2 damage)
             ... on level 2 of the Dungeon.
             The game lasted 00:00:26 (1065 turns).

qw the Shooter (Deep Elf Hunter)                    Turns: 1065, Time: 00:00:26

Health: -1/25      AC:  3    Str: 10    XL:     4   Next: 46%
Magic:  6/6        EV: 12    Int: 14    God:    Okawaru [......]
Gold:   109        SH:  5    Dex: 18    Spells: 3/3 levels left

rFire   . . .        Y - +0 shortbow
rCold   . . .        (shield currently unavailable)
rNeg    . . .        c - +0 leather armour
rPois   +            (no helmet)
rElec   .            (no cloak)
rCorr   .            (no gloves)
SInv    .            (no boots)
Will    .....        d - amulet of reflection
Stlth   ++           f - ring of poison resistance
HPRegen 0.24/turn    (no ring)
MPRegen 0.10/turn

%: reflection
@: no status effects
A: no striking features
a: Renounce Religion


You were on level 2 of the Dungeon.
You worshipped Okawaru.
Okawaru was noncommittal.
You visited 1 branch of the dungeon, and saw 2 of its levels.

You collected 109 gold pieces.


   Skills:
 - Level 1.5 Fighting
 + Level 7.9 Ranged Weapons
 - Level 2.4 Dodging
 - Level 1.2 Stealth


You had 3 spell levels left.
You didn't know any spells.
Your spell library was empty.

Inventory:

Hand Weapons
 Y - a +0 shortbow (weapon)
Armour
 c - a +0 leather armour (worn)
Jewellery
 d - an amulet of reflection (around neck)
 f - a ring of poison resistance (left hand)
Scrolls
 a - a scroll of vulnerability {unknown}
 b - a scroll of blinking {unknown}
 g - a scroll of identify {unknown}
 h - 2 scrolls of noise {unknown}
Potions
 e - a potion of heal wounds {unknown}
 i - a potion of ambrosia {unknown}

Dungeon Overview and Level Annotations

Branches:
Dungeon (2/15)

Altars:
Okawaru

Annotations:
D:2 Robin


Message History

You kill Jessica!
Okawaru accepts your kill.
A goblin comes into view. It is wielding a +0 club.
The goblin hits you with a +0 dagger.
You shoot an arrow. The arrow barely misses the goblin.
A goblin comes into view. It is wielding a +0 dagger.
The goblin hits you with a +0 dagger.
You shoot an arrow. The arrow hits the goblin.
The goblin is heavily wounded.
The goblin hits you but does no damage.
A goblin comes into view. It is wielding a +0 dagger.
You shoot an arrow. The arrow hits the goblin!
You kill the goblin!
Okawaru accepts your kill.
You shoot an arrow. The arrow closely misses the goblin.
Robin of the Strong Arm comes into view.
They are wielding a +5 short sword of electrocution.
You shoot an arrow. The arrow closely misses the goblin.
You shoot an arrow. The arrow barely misses the goblin.
Robin roars a battlecry!
The goblins go into a battle-frenzy!
You block the goblin's attack. The goblin barely misses you.
You shoot an arrow. The arrow hits the goblin.
The goblin is severely wounded.
The goblin misses you. The goblin closely misses you.
A goblin comes into view. It is wielding a +0 club.
You shoot an arrow. The arrow barely misses the goblin.
A goblin comes into view. It is wielding a +0 rapier of venom.
Robin throws the goblin at you! The goblin hits you with a +0 club.
The goblin hits you with a +0 dagger.
The goblin moves out of view.
You shoot an arrow. The arrow closely misses the goblin.
You hear a shout!
Robin throws the goblin at you! The goblin hits you but does no damage.
The goblin hits you with a +0 club. The goblin hits you but does no damage.
A goblin comes into view. It is wielding a +0 dagger.
You shoot an arrow. The arrow barely misses the goblin.
Robin roars a battlecry!
The goblins go into a battle-frenzy!
The goblin hits you but does no damage. The goblin closely misses you.
The goblin hits you with a +0 dagger.
You die...

##.....#.....##
##.........)...##
#...............#
#...............#
#...............#
#...............#
#######...............##
#...............gg......
#.......%.......@g......
#.............#))......}
#####..###.#####g..##...
##.# #.# ..#.# .## #.#
#.. .##.. #.# #. g# ##.
#.# #.( #.# .#### #.# .#
#.. .... #%# ###.# )..
#..#


You could see Robin and 4 goblins.

Vanquished Creatures
  Jessica (D:2)
  3 adders (D:2)
  3 worms (D:2)
  A dart slug (D:1)
  4 ball pythons
  A bat (D:1)
  3 endoplasms
  A giant cockroach (D:1)
  8 goblins
  A hobgoblin (D:2)
  A quokka (D:1)
  5 frilled lizards
  2 kobolds (D:1)
  2 rats
36 creatures vanquished.

Notes
Turn   | Place    | Note
-------+----------+-------------------------------------------
     0 | D:1      | qw the Deep Elf Hunter began the quest for the Orb.
     0 | D:1      | Reached XP level 1. HP: 12/12 MP: 3/3
     0 | D:1      | 0 ||| qw: Version: 0.3-a-9-g12657ce
     0 | D:1      | 0 ||| qw: Game counter: 3127
     0 | D:1      | 0 ||| qw: Always use a shield: true
     0 | D:1      | 0 ||| qw: God list: Okawaru
     0 | D:1      | 0 ||| qw: Allow faded altars: false
     0 | D:1      | 0 ||| qw: Do Orc after D:15 true
     0 | D:1      | 0 ||| qw: Do second Lair branch before Depths: true
     0 | D:1      | 0 ||| qw: Lair rune preference: random
     0 | D:1      | 0 ||| qw: Plans: Normal
     0 | D:1      | 0 ||| PLANNING D:1-11
   188 | D:1      | Reached XP level 2. HP: 16/16 MP: 4/4
   266 | D:1      | Reached skill level 6 in Ranged Weapons
   605 | D:1      | 605 ||| UPGRADING to amulet of reflection.
   610 | D:1      | 610 ||| UPGRADING to ring of poison resistance.
   611 | D:1      | 611 ||| READING 3 scrolls labelled ZOUXUT TUULI.
   612 | D:1      | 612 ||| DRINKING 2 lumpy green potions.
   663 | D:1      | 663 ||| DROPPING 2 scrolls of summoning.
   664 | D:1      | 664 ||| DROPPING scroll of butterflies.
   665 | D:1      | 665 ||| DROPPING potion of lignification.
   692 | D:2      | Found an iron altar of Okawaru.
   693 | D:2      | 693 ||| PLANNING OKAWARU WORSHIP
   700 | D:2      | Became a worshipper of Warmaster Okawaru
   701 | D:2      | 701 ||| PLANNING D:1-11
   718 | D:2      | Reached XP level 3. HP: 20/20 MP: 5/5
   812 | D:2      | Reached skill level 7 in Ranged Weapons
  1017 | D:2      | Reached XP level 4. HP: 25/25 MP: 6/6
  1050 | D:2      | Noticed Jessica
  1055 | D:2      | Killed Jessica
  1059 | D:2      | Noticed Robin
  1063 | D:2      | HP: 3/25 [goblin/+0 dagger[Robin] (5)]
  1064 | D:2      | HP: 1/25 [goblin/+0 club[Robin] (3)]
  1065 | D:2      | Slain by a goblin

Levels and vault maps discovered:
D:1:      minmay_arrival_glassed_features, layout_basic
D:2:      layout_rooms, basic_altar, ebering_ecumenical_altar_abandoned,
          uniq_robin, uniq_jessica

Skill      XL: |  1  2  3 |
---------------+----------+-----
Ranged Weapons | 6 7 |  7.9
Fighting       | |  1.5
Dodging        | |  2.4
Stealth        | |  1.2

Action                     |  1- 3 |  4- 6 || total
---------------------------+-------+-------++-------
   Fire: Shortbow          |    72 |    20 ||    92
    Use: Scroll            |     1 |       ||     1
         Potion            |     1 |       ||     1
 Armour: Leather armour    |     3 |     6 ||     9
  Dodge: Dodged            |     4 |     5 ||     9
  Block: Other             |     1 |     1 ||     2

Table legend:
 A = Non-vault XP
 B = Vault XP
 C = Vault XP percentage of total XP
 D = Non-vault monster count
 E = Vault monster count
 F = Vault count percentage of total count
                 A         B        C        D         E       F
            +---------+---------+-------+---------+---------+-------
      Total |      98 |      45 |  31.5 |      31 |       5 |  13.9
            +---------+---------+-------+---------+---------+-------
        D:1 |      27 |       0 |   0.0 |      15 |       0 |   0.0
        D:2 |      71 |      45 |  38.8 |      16 |       5 |  23.8
            +---------+---------+-------+---------+---------+-------
